 Dungeon Crawl Stone Soup version 0.17-a0-1-g1f4be75 (webtiles) character file.

54 McCoppin the Vexing (level 3, -2/15 HPs)
             Began as a Felid Enchanter on Mar 8, 2015.
             Slain by a quokka (4 damage)
             ... on level 3 of the Dungeon.
             The game lasted 00:10:24 (3365 turns).

McCoppin the Vexing (Felid Enchanter)               Turns: 3365, Time: 00:10:24

Health: -2/15      AC:  1    Str:  4    XL:     3   Next: 66%
Magic:  3/8        EV: 18    Int: 16    God:
Gold:   124        SH:  0    Dex: 17    Spells: 2 memorised, 3 levels left
                                        Lives:  0   Deaths: 0

rFire  . . .     SeeInvis +       - Unarmed
rCold  . . .     Clarity  .     (armour unavailable)
rNeg   . . .     SustAb   .     (shield unavailable)
rPois  .         Gourm    .     (helmet unavailable)
rElec  .         Spirit   .     (cloak unavailable)
rCorr  .         Warding  .     (gloves unavailable)
rMut   .         Stasis   .     (boots unavailable)
MR     +....                    (no amulet)
Stlth  ++++......               (no ring)
                                g - ring of protection from magic

@: quick, somewhat resistant to hostile enchantments, stealthy
A: paw claws, no armour, no weapons or thrown items, fangs 3, see invisible,
carnivore 3, speed 1, shaggy fur 1, slow metabolism 1, sharp paws
a: no special abilities


You were on level 3 of the Dungeon.
You were not hungry.

You visited 1 branch of the dungeon, and saw 3 of its levels.

You collected 124 gold pieces.

Inventory:

Jewellery
 g - a ring of protection from magic (left paw)
Scrolls
 e - a scroll of noise {unknown}
 h - 4 scrolls of remove curse
 j - a scroll of teleportation
 n - a scroll of enchant armour
Potions
 a - a potion of restore abilities
 f - a potion of curing
Books
 c - a book of Maledictions

   Spells                             Type                      Level
   a - Corona                         Hexes                        1
   b - Sure Blade                     Hexes/Charms                 2
   c - Ensorcelled Hibernation        Hexes/Ice                    2
   d - Confuse                        Hexes                        3
   e - Dazzling Spray                 Conjuration/Hexes            3
   f - Enslavement                    Hexes                        4
Comestibles
 b - a beef jerky
 d - a meat ration


   Skills:
 - Level 1.2 Fighting
 - Level 2.6 Dodging
 + Level 4.5 Stealth
 - Level 2.3 Unarmed Combat
 - Level 2.0 Spellcasting
 - Level 5.0 Hexes


You had 3 spell levels left.
You knew the following spells:

 Your Spells              Type           Power        Failure   Level  Hunger
a - Corona                Hex            ###....      2%          1    #......
b - Ensorcelled Hibernat  Hex/Ice        #.....       12%         2    ###....


Dungeon Overview and Level Annotations

Branches:
Dungeon (3/15)

Altars:
Sif Muna
The Shining One


Innate Abilities, Weirdness & Mutations

You cannot wear armour.
You are incapable of wielding weapons or throwing items.
You have razor-sharp teeth.
You have supernaturally acute eyesight.
You are carnivorous and can eat meat at any time.
You cover ground quickly.
You are covered in fur (AC +1).
You have a slow metabolism.
Your paws have sharp claws that are effective at stabbing.


Message History

You barely miss the quokka.
The quokka is severely wounded.
The quokka bites you. The quokka misses you.
You scratch the quokka.
You kill the quokka!
The quokka bites you. The giant cockroach closely misses you.
The quokka closely misses you.
You scratch the quokka.
The quokka begins to bleed from its wounds!
The quokka is severely wounded.
The giant cockroach bites you but does no damage.
The quokka bites you.
* * * LOW HITPOINT WARNING * * *
You barely miss the quokka.
The quokka is severely wounded.
The giant cockroach completely misses you.
The quokka misses you.
You closely miss the giant cockroach. The giant cockroach barely misses you.
The quokka bites you.
You die...

........# . ..
.........###.. ..
..........#.. #.
.........##.##
#####.
#.......##..###.....
#..)....# #....)....
#.......###.........
#.?rs..........##...
#..@.........####.#.
.......#####.!....#
#.#.
..........$......#
#.#.
...........#####..#
#.#. ...........
...# #.#. . ...###..
...# #... #.. ....
###. #.. .....# #.
... ###.. #.


You could see a quokka (bleeding) and a giant cockroach.

Vanquished Creatures
  An adder (D:2)
  A ball python (D:2)
  6 bats
  A giant cockroach (D:1)
  4 hobgoblins (D:1)
  3 jackals (D:2)
  5 kobolds
  4 giant newts
  7 goblins
  2 quokkas
  8 rats
42 creatures vanquished.

Notes
Turn   | Place    | Note
--------------------------------------------------------------
     0 | D:1      | McCoppin, the Felid Enchanter, began the quest for the Orb.
     0 | D:1      | Reached XP level 1. HP: 7/7 MP: 4/4
   206 | D:1      | Reached skill level 1 in Fighting
   345 | D:1      | Reached XP level 2. HP: 9/12 MP: 5/5
   502 | D:1      | Learned a level 2 spell: Ensorcelled Hibernation
  1768 | D:2      | Found a glowing golden altar of the Shining One.
  2047 | D:2      | Reached XP level 3. HP: 8/15 MP: 8/8
  2360 | D:2      | Found a deep blue altar of Sif Muna.
  3355 | D:3      | Reached skill level 5 in Hexes
  3365 | D:3      | Slain by a quokka

Action                   || total
-------------------------++-------
Melee: Unarmed           ||   148
 Cast: Ensorcelled Hiber ||    14
       Corona            ||     3
  Use: Scroll            ||     9
       Potion            ||     4
 Stab: Sleeping          ||     8
  Eat: Chunk             ||     5
